AoeStats
← Cristoram

Four Lakes

509760904Analyzed
1v1 RM · 4d ago on Sep 27, 2026· 27m 56s· 2 players
Game mode
Random Map
Map size
Tiny (2 player)
Population
200
Speed
Normal
Resources
Standard
Victory
Conquest
Starting age
Dark Age
Ending age
Imperial Age
RankedLock teamsTeams togetherTeam positionsShared explorationLock speedFull tech treeHidden civsTurbo modeCheats
Victory
Defeat
🇨🇴 Gurjaras · Colombia
1608
+18
🇦🇷 Shu · Argentina
1654
-18
Cristoram
7:08 Loom
9:34 Feudal Age
10:17 Double-Bit Axe
11:14 Man-at-Arms
15:19 Fletching
15:55 Fishing Lines
17:00 Forging
17:12 Horse Collar
23:57 Castle Age
24:56 Bodkin Arrow
24:24 Crossbowman
24:25 Elite Skirmisher
25:32 Bow Saw
26:36 Medium Warships
DGHIR | Lukera
7:49 Loom
10:13 Feudal Age
11:10 Double-Bit Axe
11:52 Man-at-Arms
28:45 Castle Age
27:33 Fletching
Connection lost

Rejoining the realm…

Still unreachable

The connection could not be restored.

Session expired

The server has moved on; the page needs a fresh start.